 Dungeon Crawl Stone Soup version 0.28.0-53-g5a82cb258f (webtiles) character file.

Game seed: 6321031099603419896

50 Sin92 the Magician (level 3, -2/26 HPs)
             Began as a Demonspawn Hedge Wizard on July 14, 2022.
             Frozen to death by an endoplasm (5 damage)
             ... on level 3 of the Dungeon.
             The game lasted 00:04:26 (2338 turns).

Sin92 the Magician (Demonspawn Hedge Wizard)        Turns: 2338, Time: 00:04:26

Health: -2/26      AC:  3    Str: 10    XL:     3   Next: 55%
Magic:  5/7        EV: 12    Int: 15    God:
Gold:   84         SH:  0    Dex: 14    Spells: 7/8 levels left

rFire   . . .      SeeInvis .   a - +0 dagger
rCold   . . .      Faith    .   (no shield)
rNeg    . . .      Spirit   .   b - +0 robe
rPois   .          Reflect  .   c - +0 hat
rElec   .          Harm     .   d - +0 cloak
rCorr   .          Rampage  .   (no gloves)
Will    .....                   (no boots)
Stlth   ++........              (no amulet)
HPRegen 0.08/turn               (no ring)
MPRegen 0.10/turn               (no ring)

@: no status effects
A: demonic magic 1
a: no special abilities


You were on level 3 of the Dungeon.
You visited 1 branch of the dungeon, and saw 3 of its levels.

You collected 84 gold pieces.

Inventory:

Hand Weapons
 a - a +0 dagger (weapon)
Armour
 b - a +0 robe (worn)
 c - a +0 hat (worn)
 d - a +0 cloak (worn)
Jewellery
 i - an amulet of magic regeneration
Scrolls
 e - 2 scrolls of identify {unknown}
 g - a scroll of enchant weapon {unknown}
 h - a scroll of summoning {unknown}
Potions
 f - a potion of heal wounds {unknown}


   Skills:
 + Level 1.0 Fighting
 * Level 0.7 Short Blades
 + Level 2.1 Dodging
 + Level 2.2 Stealth
 + Level 3.1 Spellcasting
 + Level 1.4 Conjurations
 - Level 1.0 Summonings
 + Level 1.4 Translocations


You had 7 spell levels left.
You knew the following spells:

 Your Spells              Type           Power      Damage    Failure   Level
a - Magic Dart            Conj           24%        1d4       11%         1

Your spell library contained the following spells:

 Spells                   Type           Power      Damage    Failure   Level
 Blink                    Tloc           12%        N/A       17%         2
 Slow                     Hex            8%         N/A       21%         1
 Call Imp                 Summ           5%         N/A       21%         2
 Conjure Flame            Conj/Fire      4%         6-21      41%         3
 Mephitic Cloud           Conj/Pois/Air  3%         N/A       43%         3


Dungeon Overview and Level Annotations

Branches:
Dungeon (2/15)

Altars:

Shops:
D:1 [   D:2 !

Annotations:
D:2 Terence


Innate Abilities, Weirdness & Mutations

Spells you cast may paralyse adjacent enemies.


Message History

The hobgoblin is lightly wounded.
The hobgoblin barely misses you.
You hit the hobgoblin.
The hobgoblin is heavily wounded.
The hobgoblin hits you but does no damage.
You hit the hobgoblin.
The hobgoblin is severely wounded.
The hobgoblin hits you.
You barely miss the hobgoblin.
The hobgoblin is severely wounded.
The hobgoblin closely misses you.
You closely miss the hobgoblin.
The hobgoblin is severely wounded.
The hobgoblin hits you but does no damage.
You hit the hobgoblin but do no damage.
The hobgoblin is severely wounded.
The hobgoblin hits you.
You hit the hobgoblin but do no damage.
The hobgoblin is severely wounded.
The hobgoblin closely misses you.
You hit the hobgoblin.
You kill the hobgoblin!
You start resting.
An endoplasm is nearby!
An endoplasm is nearby!
The endoplasm quivers.
You barely miss the endoplasm. The endoplasm freezes you.
You are frozen.
* * * LOW HITPOINT WARNING * * *
You hit the endoplasm.
The endoplasm is lightly wounded.
The endoplasm freezes you.
You are frozen.
* * * LOW HITPOINT WARNING * * *
You hit the endoplasm.
The endoplasm is heavily wounded.
The endoplasm freezes you.
You are frozen.
You die...

.........##.#
#...........#
#..........#
#..........#+###
#..............#
#..............####
#.................g
#..@J.†....#.......
######'#####.......
#.................
#.......####......
#.......# .....
#......## ....
#......# ...
#......# ..
#....J.# .


You could see an endoplasm.

Vanquished Creatures
  A worm (D:2)
  3 dart slugs (D:1)
  5 ball pythons
  4 endoplasms
  3 goblins
  4 hobgoblins
  4 quokkas (D:1)
  5 bats
  2 frilled lizards (D:1)
  3 kobolds (D:1)
  5 rats
39 creatures vanquished.

Notes
Turn   | Place    | Note
-------+----------+-------------------------------------------
     0 | D:1      | Sin92 the Demonspawn Hedge Wizard began the quest for the
                  | Orb.
     0 | D:1      | Reached XP level 1. HP: 13/13 MP: 4/4
    99 | D:1      | Reached skill level 1 in Translocations
   201 | D:1      | Gained mutation: Spells you cast may paralyse adjacent
                  | enemies. [demonic ancestry]
   201 | D:1      | Reached XP level 2. HP: 10/19 MP: 1/6
   712 | D:1      | Found a faded altar of an unknown god.
  1267 | D:1      | Reached XP level 3. HP: 25/25 MP: 5/7
  1563 | D:1      | Found Mirim's Armour Shop.
  2132 | D:2      | Found Yxao's Distillery.
  2222 | D:2      | Reached skill level 1 in Fighting
  2295 | D:2      | Noticed Terence
  2308 | D:2      | You fall into a shaft and drop 1 floor!
  2338 | D:3      | Frozen to death by an endoplasm

Illustrated notes

Levels and vault maps discovered:
D:1:      giann_horns, layout_loops_corners, serial_shops, nicolae_square_shop,
          basic_ecumenical_altar
D:2:      layout_basic, serial_shops, nicolae_shop_crystal,
          minmay_misc_feat_pillars, uniq_terence
D:3:      layout_basic, nicolae_overflow_crystal_walls, uniq_natasha,
          uniq_grinder

Skill      XL: |  1  2  3 |
---------------+----------+-----
Translocations | 1 |  1.4
Stealth        | 2 |  2.2
Dodging        | 2 |  2.1
Fighting       | 1 |  1.0
Short Blades   | |  0.7
Spellcasting   | |  3.1
Conjurations   | |  1.4
Summonings     | |  1.0

Action                   || total
-------------------------++-------
Melee: Dagger            ||    59
 Cast: Magic Dart        ||    76
 Stab: Sleeping          ||     2
       Paralysed         ||     2
Armor: Robe              ||     9
Dodge: Dodged            ||    32
